 Dungeon Crawl Stone Soup version 0.31-a0-221-gbddc013574 (webtiles) character file.

Game seed: 4161985690150276835

105 reriks the Shooter (level 5, 0/32 HPs)
             Began as a Kobold Hunter on July 4, 2023.
             Slain by Grinder (5 damage)
             ... on level 3 of the Dungeon.
             The game lasted 00:01:55 (1739 turns).

reriks the Shooter (Kobold Hunter)                  Turns: 1739, Time: 00:01:56

Health: 0/32       AC:  3    Str:  9    XL:     5   Next: 9%
Magic:  5/5        EV: 15    Int: 10    God:
Gold:   167        SH:  0    Dex: 20    Spells: 4/4 levels left

rFire   + . .        a - +0 shortbow
rCold   . . .        (shield currently unavailable)
rNeg    . . .        c - +0 leather armour
rPois   .            (no helmet)
rElec   .            (no cloak)
rCorr   .            (no gloves)
SInv    .            (no boots)
Will    .....        (no amulet)
Stlth   +++          j - ring of flight
HPRegen 0.25/turn    r - ring of protection from fire
MPRegen 0.09/turn

%: no passive effects
@: flying
A: small, no large weapons, nightstalker 3
a: no special abilities


You were on level 3 of the Dungeon.
You visited 1 branch of the dungeon, and saw 3 of its levels.

You collected 167 gold pieces.

Inventory:

Hand Weapons
 a - a +0 shortbow (weapon)
Armour
 c - a +0 leather armour (worn)
 n - a +0 leather armour
Magical Staves
 f - a staff of air
Jewellery
 j - a ring of flight (left hand)
 r - a ring of protection from fire (right hand)
Scrolls
 b - 2 scrolls of butterflies
 d - 4 scrolls of teleportation {unknown}
 g - a scroll of immolation {unknown}
 l - a scroll of fear {unknown}
 m - a scroll of revelation {unknown}
 o - a scroll of identify {unknown}
 p - a scroll of blinking {unknown}
 q - a scroll of noise {unknown}
Potions
 e - 4 potions of attraction {unknown}
 h - a potion of haste {unknown}
 i - 3 potions of brilliance {unknown}
 k - a potion of degeneration {unknown}


   Skills:
 + Level 3.3 Fighting
 + Level 6.0 Ranged Weapons
 + Level 3.6 Dodging
 + Level 3.2 Stealth


You had 4 spell levels left.
You didn't know any spells.
Your spell library contained the following spells:

 Spells                   Type           Power      Damage    Failure   Level
 Call Canine Familiar     Summ           0%         N/A       85%         3
 Portal Projectile        Hex/Tloc       0%         N/A       85%         3
 Leda's Liquefaction      Hex/Erth       0%         N/A       99%         4


Dungeon Overview and Level Annotations

Branches:
Dungeon (3/15)

Altars:

Annotations:
D:3 Grinder


Innate Abilities, Weirdness & Mutations

You are small and have problems with some larger weapons.
You are completely attuned to the shadows.


Message History

Grinder is heavily wounded.
Grinder hits you.
You writhe in agony.
You are too injured to fight recklessly!
You are too injured to fight recklessly!
You are too injured to fight recklessly!
You are too injured to fight recklessly!
You are too injured to fight recklessly!
Fire: a) +0 shortbow
Press: ? - help, Q - select action Shift-Dir - straight line, f/p - Grinder
Aim: Grinder (heavily wounded, 63% to hit)
You shoot an arrow. The arrow hits Grinder.
Grinder is heavily wounded.
Grinder gestures at you. You resist with significant effort.
Fire: a) +0 shortbow
Press: ? - help, Q - select action Shift-Dir - straight line, f/p - Grinder
Aim: Grinder (heavily wounded, 63% to hit)
You shoot an arrow. The arrow hits Grinder!
Grinder is severely wounded.
Grinder closely misses you.
Fire: a) +0 shortbow
Press: ? - help, Q - select action Shift-Dir - straight line, f/p - Grinder
Aim: Grinder (severely wounded, 63% to hit)
You shoot an arrow. The arrow closely misses Grinder.
Grinder closely misses you.
Fire: a) +0 shortbow
Press: ? - help, Q - select action Shift-Dir - straight line, f/p - Grinder
Aim: Grinder (severely wounded, 63% to hit)
You shoot an arrow. The arrow hits Grinder.
Grinder is severely wounded.
Grinder blinks!
Fire: a) +0 shortbow
Press: ? - help, Q - select action Shift-Dir - straight line, f/p - Grinder
Aim: Grinder (severely wounded, 63% to hit)
You shoot an arrow. The arrow hits Grinder.
Grinder is almost dead.
Grinder hits you!
* * * LOW HITPOINT WARNING * * *
You writhe in agony.
You die...

#.################
#.# #.# #.# #.#
#.# #.# #.# #@#
...ยง.5...
####?#### #.# #.#


You could see Grinder.

Vanquished Creatures
  An adder (D:3)
  4 worms
  3 dart slugs
  An orc (D:3)
  6 endoplasms
  16 giant cockroaches
  5 goblins
  5 hobgoblins
  2 quokkas (D:1)
  3 ball pythons (D:1)
  8 bats
  8 frilled lizards
  6 kobolds
  5 rats
73 creatures vanquished.

Notes
Turn   | Place    | Note
-------+----------+-------------------------------------------
     0 | D:1      | reriks the Kobold Hunter began the quest for the Orb.
     0 | D:1      | Reached XP level 1. HP: 12/12 MP: 1/1
   255 | D:1      | Reached XP level 2. HP: 18/18 MP: 2/2
   417 | D:1      | Reached XP level 3. HP: 18/22 MP: 3/3
   879 | D:2      | Reached XP level 4. HP: 28/28 MP: 4/4
  1477 | D:3      | Reached skill level 6 in Ranged Weapons
  1653 | D:3      | Reached XP level 5. HP: 32/32 MP: 5/5
  1727 | D:3      | Noticed Grinder
  1728 | D:3      | Paralysed by Grinder for 4 turns
  1739 | D:3      | Slain by Grinder

Illustrated notes

Levels and vault maps discovered:
D:1:      lightli_arrival_maybe_door_vault, layout_basic
D:2:      layout_rooms, minmay_misc_feat_five
D:3:      minmay_roachtagon, layout_basic, nicolae_figureground_sparkle,
          uniq_grinder, uniq_crazy_yiuf_cottage

Skill      XL: |  1  2  3  4 |
---------------+-------------+-----
Stealth        | 2 3 |  3.2
Dodging        | 3 |  3.6
Fighting       | 3 |  3.3
Ranged Weapons | 6 |  6.0

Action                     |  1- 3 |  4- 6 || total
---------------------------+-------+-------++-------
   Fire: Shortbow          |    91 |    92 ||   183
 Armour: Leather armour    |       |     9 ||     9
  Dodge: Dodged            |    10 |    24 ||    34

Table legend: (Time is in decaauts)
 A = Elapsed time spent in this place.
 B = Non-inter-level travel time spent in this place.
 C = Inter-level travel time spent in this place.
 D = Time resting spent in this place.
 E = Time spent auto-exploring this place.
 F = Levels seen in this place.
 G = Mean time per level.
                   A        B        C        D        E       F      G
               +--------+--------+--------+--------+--------+-----+--------+
         Total |   1766 |   1754 |     12 |    143 |   1256 |   3 |  588.7 |
       Dungeon |   1766 |   1754 |     12 |    143 |   1256 |   3 |  588.7 |
               +--------+--------+--------+--------+--------+-----+--------+

Top non-repeatable levels by time:
     D:2: 677 daAuts
     D:3: 583 daAuts
     D:1: 505 daAuts
